 Dungeon Crawl Stone Soup version 0.29.0-13-gc9e81de378 (webtiles) character file.

Game seed: 2160585279571840617

36 sanka the Chopper (level 3, -2/46 HPs)
             Began as a Minotaur Berserker on Sept 7, 2022.
             Was a Follower of Trog.
             Slain by a gnoll
             ... wielding a +0 spear
              (4 damage)
             ... on level 2 of the Dungeon.
             The game lasted 00:01:18 (1900 turns).

sanka the Chopper (Minotaur Berserker)              Turns: 1900, Time: 00:01:18

Health: -2/46      AC:  9    Str: 23    XL:     3   Next: 19%
Magic:  2/2        EV:  8    Int:  4    God:    Trog [*.....]
Gold:   116        SH:  0    Dex:  9    Spells: 2/2 levels left

rFire   . . .      SeeInvis +   a - +0 hand axe
rCold   . . .      Faith    .   (no shield)
rNeg    . . .      Spirit   .   h - +0 chain mail
rPois   .          Reflect  .   (helmet restricted)
rElec   .          Harm     .   (no cloak)
rCorr   .          Rampage  .   l - +0 pair of gloves
Will    .....                   (no boots)
Stlth   ..........              (no amulet)
HPRegen 0.15/turn               (no ring)
MPRegen 0.08/turn               c - ring of see invisible

@: berserking, very quick
A: horns 2, retaliatory headbutt
a: Renounce Religion, Berserk


You were on level 2 of the Dungeon.
You worshipped Trog.
Trog was aware of your devotion.
You visited 1 branch of the dungeon, and saw 2 of its levels.

You collected 116 gold pieces.


Innate Abilities, Weirdness & Mutations

You have a pair of horns on your head.
You reflexively headbutt those who attack you in melee.


   Skills:
 - Level 3.6 Fighting
 + Level 5.3 Axes
 - Level 2.4 Armour
 - Level 2.1 Dodging


You had 2 spell levels left.
You didn't know any spells.
Your spell library was empty.

Inventory:

Hand Weapons
 a - a +0 hand axe (weapon)
Armour
 h - a +0 chain mail (worn)
 l - a +0 pair of gloves (worn)
Jewellery
 c - a ring of see invisible (right hand)
Scrolls
 b - 2 scrolls of teleportation {unknown}
 d - 4 scrolls of magic mapping {unknown}
 g - a scroll of blinking {unknown}
 i - 2 scrolls of vulnerability {unknown}
 k - a scroll of silence {unknown}
 m - a scroll of acquirement {unknown}
 n - a scroll of fear {unknown}
 o - 3 scrolls of amnesia {unknown}
Potions
 e - 2 potions of might {unknown}
 f - a potion of heal wounds {unknown}
 j - a potion of degeneration {unknown}

Dungeon Overview and Level Annotations

Branches:
Dungeon (2/15)

Altars:
Ashenzari

▒▒ .▒ .▒
▒▒▒▒▒▒▒▒▒▒▒▒▒▒
.▒
.....g)g.....▒▒
.▒ ▒▒▒
▒▒H....... ▒▒
▒.▒ ▒.....▒.▒.
▒.▒▒▒..▒..▒
▒.'....▒.▒▒
▒.▒▒▒▒.▒ ▒
▒.'....▒ ▒
▒.▒▒▒▒▒▒▒▒▒▒ ▒
▒...>....... ▒
▒▒▒▒.▒▒▒▒▒▒▒


You could see 2 gnolls.


Message History

You feel mighty!
You can no longer call upon Trog for regeneration and willpower.
The gnoll hits you but does no damage. The gnoll hits you but does no damage.
You completely miss the gnoll.
The gnoll is heavily wounded.
You barely miss the gnoll. The gnoll hits you with a +0 hand axe.
* * * LOW HITPOINT WARNING * * *
The gnoll hits you with a +0 spear.
* * * LOW HITPOINT WARNING * * *
Unknown command.
You closely miss the gnoll. Your headbutt misses the gnoll.
The gnoll is heavily wounded.
You barely miss the gnoll. The gnoll hits you with a +0 hand axe.
* * * LOW HITPOINT WARNING * * *
The gnoll hits you with a +0 spear.
* * * LOW HITPOINT WARNING * * *
You hit the gnoll.
The gnoll is almost dead.
You slash the gnoll!
Unknown command.
You hit the gnoll.
You kill the gnoll!
Trog accepts your kill.
You barely miss the gnoll. The gnoll hits you with a +0 spear.
You die...

Action                   || total
-------------------------++-------
Melee: Hand axe          ||    67
       Headbutt          ||     7
       Punch             ||     1
Invok: Berserk           ||     1
Armor: Chain mail        ||    27
       Animal skin       ||     2
Dodge: Dodged            ||    28

Levels and vault maps discovered:
D:1:      dpeg_arrival_boxes_within_box, layout_loops_corners
D:2:      layout_basic, basic_altar, uniq_crazy_yiuf_cottage

Notes
Turn   | Place    | Note
-------+----------+-------------------------------------------
     0 | D:1      | sanka the Minotaur Berserker began the quest for the Orb.
     0 | D:1      | Reached XP level 1. HP: 19/19 MP: 0/0
   124 | D:1      | Reached skill level 4 in Axes
   401 | D:1      | Reached XP level 2. HP: 26/26 MP: 1/1
  1325 | D:2      | Found a broken altar of Ashenzari.
  1398 | D:2      | Reached skill level 5 in Axes
  1513 | D:2      | Reached XP level 3. HP: 31/31 MP: 2/2
  1840 | D:2      | Reached ** piety under Trog
  1898 | D:2      | HP: 2/46 [gnoll/+0 spear (3)]
  1900 | D:2      | Slain by a gnoll

Vanquished Creatures
  A gnoll (D:2)
  A worm (D:2)
  3 endoplasms
  A giant cockroach (D:1)
  4 goblins
  A hobgoblin (D:2)
  6 jackals (D:2)
  2 kobolds
  2 quokkas (D:1)
  A ball python (D:1)
  A bat (D:1)
  2 frilled lizards
  5 rats
30 creatures vanquished.
